 Dungeon Crawl Stone Soup version 0.29-a0-323-g050149af67 (webtiles) character file.

Game seed: 8697669795005658792

156407 iguanaiguana the Earth Mage (level 17, -23/102 HPs)
             Began as a Deep Elf Conjurer on Apr 7, 2022.
             Was a High Priest of Ashenzari.
             Killed by the raging water
             ... invoked by a water nymph
              (40 damage)
             ... on level 4 of the Shoals on Apr 12, 2022.
             The game lasted 03:10:30 (43333 turns).

iguanaiguana the Earth Mage (Deep Elf Conjurer)    Turns: 43333, Time: 03:10:31

Health: -23/102    AC: 15    Str:  4    XL:     17   Next: 10%
Magic:  2/37       EV: 21    Int: 32    God:    Ashenzari [*****.]
Gold:   1391       SH: 19    Dex: 17    Spells: 7/45 levels left

rFire   + . .      SeeInvis +   L - staff of earth
rCold   + . .      Faith    .   I - +0 kite shield "Restrained Morality" {Elem, Bglg} (curse)
rNeg    . . .      Spirit   .   O - +0 steam dragon scales of Ashenzari's Sybil {Bglg, Fort} (curse)
rPois   .          Reflect  +   U - +2 hat "Chained Inaction" {Will+, Fort, Cun} (curse)
rElec   +          Harm     +   t - scarf of Ashenzari's Black Moon {rC+ rF+, Elem, Cun} (curse)
rCorr   .          Rampage  .   R - +2 pair of gloves "Tethered Ordeal" {Harm *Corrode rElec Dex+4, Cun, Bglg} (curse)
Will    +++..      Clarity  +   T - +2 pair of boots "I Foresaw This" {Evo, Self} (curse)
Stlth   +++.......              u - amulet "At What Cost Knowledge?" {Reflect SH+5, Cun, Elem} (curse)
HPRegen 0.27/turn               B - ring "Shackled With Me" {Will+, Bglg, Elem} (curse)
MPRegen 0.25/turn               H - ring "Ruined With Me" {Slay+4, Bglg, Fort} (curse)

@: swift, about to teleport, very slow
A: no striking features
a: Renounce Religion, Curse Item, Shatter the Chains


You were on level 4 of the Shoals.
You worshipped Ashenzari.
Ashenzari was extremely pleased with you.
You visited 4 branches of the dungeon, and saw 27 of its levels.
You also visited: Ossuary.

You collected 2587 gold pieces.
You spent 1196 gold pieces at shops.

Inventory:

Armour
 t - the cursed scarf of Ashenzari's Black Moon (worn) {rC+ rF+, Elem, Cun}
   (You found it on level 4 of the Dungeon)

   It has a curse which improves the following skills: Elements: Fire Magic, Ice
   Magic, Air Magic and Earth Magic.
   Cunning:   Dodging and Stealth.
 I - the cursed +0 kite shield "Restrained Morality" (worn) {Elem, Bglg}
   (You found it on level 8 of the Dungeon)

   It has a curse which improves the following skills: Elements: Fire Magic, Ice
   Magic, Air Magic and Earth Magic.
   Beguiling: Conjurations, Hexes and Translocations.
 O - the cursed +0 steam dragon scales of Ashenzari's Sybil (worn) {Bglg, Fort}
   (You found it on level 9 of the Dungeon)

   It has a curse which improves the following skills: Beguiling: Conjurations,
   Hexes and Translocations.
   Fortitude: Armour and Shields.
 P - a +0 kite shield of reflection
 R - the cursed +2 pair of gloves "Tethered Ordeal" (worn) {Harm *Corrode rElec Dex+4, Cun, Bglg}
   (You found it on level 2 of the Lair of Beasts)

   Dex:       It affects your dexterity (+4).
   rElec:     It insulates you from electricity.
   *Corrode:  It may corrode you when you take damage.
   Harm:      It increases damage dealt and taken.
   It has a curse which improves the following skills: Cunning: Dodging and
   Stealth.
   Beguiling: Conjurations, Hexes and Translocations.
 S - +0 steam dragon scales
 T - the cursed +2 pair of boots "I Foresaw This" (worn) {Evo, Self}
   (You found it on level 6 of the Lair of Beasts)

   It has a curse which improves the following skills: Evocations: Evocations.
   Introspection: Fighting and Spellcasting.
 U - the cursed +2 hat "Chained Inaction" (worn) {Will+, Fort, Cun}
   (You took it off Gastronok on level 3 of the Lair of Beasts)

   It has a curse which improves the following skills: Fortitude: Armour and
   Shields.
   Cunning:   Dodging and Stealth.
Magical Staves
 L - a staff of earth (weapon)
 X - a staff of cold
Jewellery
 e - a ring of positive energy
 h - a ring of protection from fire
 u - the cursed amulet "At What Cost Knowledge?" (around neck) {Reflect SH+5, Cun, Elem}
   (You found it on level 2 of the Dungeon)

   [amulet of reflection]

   It reflects blocked missile attacks.
   SH:        It affects your SH (+5).
   It has a curse which improves the following skills: Cunning: Dodging and
   Stealth.
   Elements:  Fire Magic, Ice Magic, Air Magic and Earth Magic.
 B - the cursed ring "Shackled With Me" (left hand) {Will+, Bglg, Elem}
   (You found it on level 6 of the Dungeon)

   [ring of willpower]

   Will:      It increases your willpower.
   It has a curse which improves the following skills: Beguiling: Conjurations,
   Hexes and Translocations.
   Elements:  Fire Magic, Ice Magic, Air Magic and Earth Magic.
 C - a ring of flight
 H - the cursed ring "Ruined With Me" (right hand) {Slay+4, Bglg, Fort}
   (You found it on level 8 of the Dungeon)

   [ring of slaying]

   Slay:      It affects your accuracy & damage with ranged weapons and melee
   (+4).
   It has a curse which improves the following skills: Beguiling: Conjurations,
   Hexes and Translocations.
   Fortitude: Armour and Shields.
 V - a ring of resist corrosion
 Y - a ring of protection from cold
Wands
 d - a wand of paralysis (5)
 o - a wand of iceblast (18) {@v2}
 F - a wand of digging (19) {@v3}
 M - a wand of polymorph (18)
 Q - a wand of charming (3)
Scrolls
 c - 18 scrolls of teleportation {@r3}
 j - 7 scrolls of vulnerability
 l - 4 scrolls of immolation
 m - 4 scrolls of silence
 w - 3 scrolls of magic mapping {@r5}
 z - a scroll of summoning
 A - 2 scrolls of amnesia
 E - 2 scrolls of fear
 J - a scroll of holy word
 K - a scroll of blinking {@r4}
 N - 4 scrolls of fog
 Z - a scroll of enchant armour
Potions
 a - a potion of ambrosia
 b - a potion of magic
 f - 14 potions of curing {@q1}
 g - 8 potions of might {@q3}
 i - 9 potions of lignification
 n - 3 potions of haste {@q4}
 p - 6 potions of mutation
 q - 6 potions of cancellation
 r - 3 potions of invisibility
 s - a potion of resistance {@q5}
 v - 8 potions of berserk rage
 y - 2 potions of brilliance
 G - 3 potions of flight
 W - 5 potions of heal wounds {@q2}
Miscellaneous
 k - a phantom mirror
 D - a tin of tremorstones (2/2)


   Skills:
 - Level 7.6(10.0) Fighting
 - Level 4.0(8.0) Armour
 - Level 10.6(16.1) Dodging
 - Level 10.6(16.1) Stealth
 - Level 10.0(14.5) Shields
 - Level 12.4(14.7) Spellcasting
 - Level 16.0(22.3) Conjurations
 - Level 4.3(10.0) Hexes
 - Level 4.3(9.9) Translocations
 * Level 7.7(13.1) Ice Magic
 - Level 5.7(10.9) Air Magic
 - Level 16.2(21.5) Earth Magic
 - Level 2.0 Poison Magic
 - Level 5.7(8.0) Evocations


You had 7 spell levels left.
You knew the following spells:

 Your Spells              Type           Power      Damage    Failure   Level
a - Iron Shot             Conj/Erth      64%        9d12      1%          6
b - Searing Ray           Conj           100%       2d8       0%          2
c - Freezing Cloud        Conj/Ice/Air   44%        6-21      1%          5
d - Fulminant Prism       Conj/Hex       45%        3d21      1%          4
e - Swiftness             Air            76%        N/A       1%          3
f - Iskenderun's Mystic   Conj/Tloc      91%        2d18      1%          4
g - Mephitic Cloud        Conj/Pois/Air  78%        N/A       1%          3
h - Magic Dart            Conj           100%       1d8       0%          1
i - Lehudib's Crystal Sp  Conj/Erth      64%        10d15     2%          8
j - Blink                 Tloc           100%       N/A       1%          2

Your spell library contained the following spells:

 Spells                   Type           Power      Damage    Failure   Level
 Sandblast                Erth           100%       2d20      0%          1
 Shock                    Conj/Air       100%       1d9       0%          1
 Dazzling Flash           Conj/Hex       100%       N/A       0%          3
 Stone Arrow              Conj/Erth      100%       3d13      0%          3
 Ensorcelled Hibernation  Hex/Ice        100%       N/A       1%          2
 Passwall                 Tmut/Erth      79%        N/A       1%          2
 Poisonous Vapours        Pois/Air       100%       N/A       1%          2
 Frozen Ramparts          Ice            100%       1d12      1%          3
 Gell's Gravitas          Tloc           72%        N/A       1%          3
 Lesser Beckoning         Tloc           72%        N/A       1%          3
 Ozocubu's Armour         Ice            82%        N/A       1%          3
 Teleport Other           Tloc           72%        N/A       1%          3
 Tukima's Dance           Hex            72%        N/A       1%          3
 Airstrike                Air            38%        N/A       1%          4
 Animate Armour           Summ/Erth      100%       N/A       1%          4
 Manifold Assault         Tloc           72%        N/A       1%          5
 Metabolic Englaciation   Hex/Ice        39%        N/A       1%          5
 Sting                    Tmut/Pois      100%       1d8       2%          1
 Ice Form                 Ice/Tmut       60%        N/A       2%          4
 Summon Ice Beast         Ice/Summ       60%        N/A       2%          4
 Anguish                  Hex/Necr       26%        N/A       4%          4
 Ignite Poison            Fire/Tmut/Pois 29%        N/A       7%          3
 Spider Form              Tmut/Pois      29%        N/A       7%          3
 Summon Mana Viper        Hex/Summ       53%        N/A       12%         5
 Ozocubu's Refrigeration  Ice            41%        4d13      13%         7
 Olgreb's Toxic Radiance  Pois           36%        N/A       14%         4
 Simulacrum               Ice/Necr       30%        N/A       34%         6
 Enfeeble                 Hex            36%        N/A       43%         7
 Blade Hands              Tmut           11%        N/A       67%         5
 Monstrous Menagerie      Summ           11%        N/A       100%        7
 Shatter                  Erth           63%        3d47*     43%         9


Dungeon Overview and Level Annotations

Branches:
Dungeon (15/15)            Temple (0/1) D:7            Lair (6/6) D:8
 Shoals (4/4) Lair:4       Spider (0/4) Lair:3        Slime (0/5) Lair:5
    Orc (2/2) D:11            Elf (0/3) Orc:2        Vaults (0/5) D:13
 Depths (0/4) D:15        Ossuary (visited)

Altars:
Ashenzari
Nemelex Xobeh
Ru
Beogh

Shops:
D:2 ?   D:4 *   D:5 !   D:10 :   D:15 [   Orc:2 *![[   Shoals:1 ?

Annotations:
D:9 2 transporters
D:10 3 runed translucent doors, pigah's ghost, journeyman OpAE


Message History

Press: ? - help, Shift-Dir - straight line, f/p - wind drake
Aim: a wind drake (repelling missiles, 44% to hit)
You feel a surge of power!
The wind drake repels the iron shot!
The wind drake flaps its wings at you. The air twists around and strikes you!
The merfolk misses you.
Casting: Iron Shot (safe; 1% risk of failure)
Confirm with . or Enter, or press ? or * to list all spells.
Aiming: Iron Shot (safe; 1% risk of failure)
Press: ? - help, Shift-Dir - straight line, f/p - wind drake
Aim: a wind drake (repelling missiles, 44% to hit)
You feel a surge of power!
The wind drake repels the iron shot!
A water nymph comes into view.
You block the merfolk's attack. You block the wind drake's attack.
Casting: Iron Shot (safe; 1% risk of failure)
Confirm with . or Enter, or press ? or * to list all spells.
Okay, then.
Casting: Iron Shot (safe; 1% risk of failure)
Confirm with . or Enter, or press ? or * to list all spells.
You feel quick.
The water nymph flows with the water.
The wind drake flaps its wings at you. The air twists around and strikes you!
The merfolk completely misses you. The wind drake flaps its wings at you.
The air twists around and strikes you!
You enter the shallow water.
Moving in this stuff is going to be slow.
The water nymph gestures at you while chanting.
The water swirls and strikes you!
* * * LOW HITPOINT WARNING * * *
You block the merfolk's attack.
The water nymph gestures at you while chanting.
The water swirls and strikes you!!
* * * LOW HITPOINT WARNING * * *
The wind drake exhales a fierce blast of wind!
You are blown backwards!
Splash!
As you read the scroll of teleportation {@r3}, it crumbles to dust.
You feel strangely unstable.
The water nymph gestures at you while chanting.
The water swirls and strikes you!!
You die...

####.###.≈≈≈≈≈≈≈≈≈≈≈≈≈≈ ≈ ≈
≈≈ ≈
...#####...≈..≈≈≈≈≈≈≈≈≈≈ ≈≈≈
≈≈≈
....####..≈≈≈.≈≈≈≈≈≈≈≈≈≈≈ ≈≈
.=..#.#..≈≈≈≈≈≈≈≈≈≈≈≈≈≈≈ ≈ ≈
....#....≈..≈≈≈≈≈≈≈≈≈≈≈≈ ≈ ≈
≈≈ ...##....)..≈≈≈.≈≈≈≈≈≈≈≈
≈≈ ≈
####P.?.)....≈.≈≈≈≈≈≈≈≈≈ ≈ ≈
≈ .≈.........t≈≈≈≈≈≈≈≈≈≈≈≈≈
≈ ≈ ≈≈P(P....≈≈≈≈≈≈≈@≈≈≈≈≈≈≈
≈ ≈ ≈≈
≈..(....#..≈≈≈≈≈.)≈≈≈≈≈≈≈≈≈≈
≈≈≈≈
≈..(≈[≈##≈.≈≈k≈<..≈≈≈≈≈≈ ≈≈≈
≈ ≈P...≈≈≈≈m≈≈≈m≈..≈≈≈≈≈≈≈
≈≈ ≈≈
≈≈..≈≈≈≈≈(≈≈≈≈≈.≈≈≈≈≈≈≈≈ ≈≈
≈ ≈≈.≈≈≈≈≈≈..≈≈≈≈≈≈≈≈≈≈≈≈≈ ≈
≈ ≈≈≈≈≈≈≈≈)..≈≈≈≈≈≈≈≈≈≈≈≈≈ ≈
≈ ≈≈≈≈.≈≈≈≈≈≈≈≈≈≈≈≈≈≈≈≈≈≈≈≈
≈ ≈≈≈≈≈≈≈≈≈≈≈≈≈≈..≈≈≈≈≈≈≈ ≈≈
≈≈


You could see a snapping turtle (wandering), a wind drake (repels missiles), a
merfolk and a water nymph.

Vanquished Creatures
  Gastronok (Lair:3)
  A kraken (Shoals:3)
  Donald (Shoals:4)
  A juggernaut zombie (D:15)
  An orc warlord (Orc:2)
  Nessos (Lair:4)
  A fire dragon (D:14)
  5 merfolk impalers
  4 hydras
  4 merfolk javelineers
  3 merfolk avatars
  A vault guard (D:13)
  4 boulder beetles
  A rakshasa (D:14)
  11 centaur warriors
  An ogre mage (D:15)
  4 catoblepae (Lair:6)
  A death knight (D:13)
  9 two-headed ogres
  4 orc high priests
  A satyr (Shoals:3)
  5 tengu warriors
  11 death yaks
  9 merfolk aquamancers
  5 skeletal warriors
  13 sea snakes
  2 phantasmal warriors
  A lindwurm (Lair:3)
  7 orc knights (Orc:2)
  A wizard (D:13)
  11 harpies
  2 deep elf pyromancers
  A necromancer (D:15)
  6 orc sorcerers
  14 fauns
  A sphinx skeleton (D:15)
  5 cyclopes
  3 oklob plants (Lair:5)
  15 manticores
  8 merfolk sirens
  11 elephants (Lair:6)
  10 ugly things
  A torpor snail (Lair:6)
  10 cane toads
  4 water nymphs
  3 gargoyles
  8 black mambas
  2 molten gargoyles (D:15)
  2 rime drakes (Lair:6)
  9 komodo dragons
  An unseen horror (D:11)
  A kobold demonologist (D:12)
  3 tengu conjurers
  27 merfolk
  5 trolls
  A polar bear (Lair:5)
  3 meliai (D:15)
  7 wind drakes
  An ettin zombie (D:15)
  A spriggan zombie (D:15)
  11 dream sheep
  A blink frog (shapeshifter) (D:13)
  19 blink frogs
  Sigmund (D:2)
  10 snapping turtles
  14 water elementals
  A centaur simulacrum (D:14)
  4 wraiths
  2 shadows
  4 wyverns
  3 vampires
  Eustachio (D:4)
  6 basilisks
  60 yaks
  2 redbacks (Lair:3)
  5 steam dragons
  10 vampire mosquitoes
  2 wargs
  18 water moccasins
  2 acid dragons
  28 orc warriors
  5 black bears
  2 sky beasts
  11 ogres
  18 wolves
  7 centaurs
  An elf zombie (Ossuary)
  9 bullfrogs
  2 necrophages
  10 scorpions
  6 wights
  5 howler monkeys
  2 electric eels
  2 jellies
  A hound (D:4)
  3 human zombies (Ossuary)
  17 orc priests
  A gnoll shaman (D:10)
  Jessica (D:3)
  Natasha (thrice) (D:2)
  2 iguanas
  18 orc wizards
  5 hell rats (Lair:2)
  2 mummies (Ossuary)
  5 gnolls (D:10)
  11 adders
  2 ufetubi
  2 adder zombies (Ossuary)
  A worm (D:2)
  3 dart slugs
  68 orcs
  9 ball pythons
  9 bats
  7 endoplasms
  9 goblins
  7 hobgoblins
  3 jackals (D:3)
  4 quokkas
  2 frilled lizards
  A goblin zombie (Ossuary)
  12 hobgoblin zombies (Ossuary)
  A jackal zombie (Ossuary)
  13 kobolds
  10 kobold zombies (Ossuary)
  7 orc zombies (Ossuary)
  8 rats
  A fulminant prism (D:13)
  2 tentacles (Shoals:3)
824 creatures vanquished.

Vanquished Creatures (others)
  A sea snake (Shoals:1)
  A water moccasin (Lair:1)
  A centaur (D:13)
  A kobold brigand (D:10)
  313 fulminant prisms
  58 fungi
  184 plants
  5 tentacles (Shoals:3)
  12 withered plants (D:15)
576 creatures vanquished.

Grand Total: 1400 creatures vanquished

Notes
Turn   | Place    | Note
-------+----------+-------------------------------------------
     0 | D:1      | iguanaiguana the Deep Elf Conjurer began the quest for the
                  | Orb.
     0 | D:1      | Reached XP level 1. HP: 10/10 MP: 6/6
   272 | D:1      | Found a faded altar of an unknown god.
   293 | D:1      | Prayed at the altar of an unknown god.
   293 | D:1      | Became a worshipper of Ashenzari the Shackled
   295 | D:1      | Reached XP level 2. HP: 15/15 MP: 5/8
   594 | D:1      | Learned a level 2 spell: Searing Ray
   741 | D:1      | Reached XP level 3. HP: 19/19 MP: 5/9
   919 | D:1      | Learned a level 3 spell: Dazzling Flash
   939 | D:2      | Noticed Sigmund
  1086 | D:2      | Reached * piety under Ashenzari
  1100 | D:2      | Noticed Natasha
  1103 | D:2      | Killed Natasha
  1104 | D:2      | Reached skill level 5 in Conjurations
  1104 | D:2      | Reached skill level 1 in Hexes
  1223 | D:2      | Reached XP level 4. HP: 24/24 MP: 7/11
  1357 | D:2      | Reached skill level 1 in Fighting
  1602 | D:2      | Found Pusitt's Magic Scroll Boutique.
  1613 | D:2      | Noticed Natasha
  1623 | D:2      | Killed Natasha
  1684 | D:2      | Noticed Natasha
  1691 | D:2      | Killed Natasha
  1692 | D:2      | Reached XP level 5. HP: 10/29 MP: 3/12
  2403 | D:3      | Noticed Jessica
  2406 | D:3      | Killed Jessica
  3122 | D:3      | Reached XP level 6. HP: 35/35 MP: 3/13
  3437 | D:4      | Reached skill level 1 in Air Magic
  3770 | D:4      | Learned a level 4 spell: Fulminant Prism
  3821 | D:4      | Reached ** piety under Ashenzari
  3919 | D:4      | Found Vehor's Elemental Accessories.
  4045 | D:4      | Reached skill level 1 in Translocations
  4109 | D:3      | Reached XP level 7. HP: 35/40 MP: 8/15
  4113 | D:3      | Learned a level 3 spell: Swiftness
  4778 | D:4      | Noticed Eustachio
  4856 | D:2      | Killed Sigmund
  4857 | D:2      | Reached skill level 5 in Spellcasting
  4857 | D:2      | Reached XP level 8. HP: 45/45 MP: 9/17
  4862 | D:2      | Learned a level 4 spell: Iskenderun's Mystic Blast
  5551 | D:5      | Entered Level 5 of the Dungeon
  6145 | D:5      | Found Woblaerchoo's Distillery.
  6177 | D:5      | Identified the +5 chain mail of Going Fast {Will++ Dex-3}
  6787 | D:6      | Reached *** piety under Ashenzari
  6865 | D:6      | Reached skill level 1 in Evocations
  6935 | D:6      | Found a sand-covered staircase.
  6944 | Ossuary  | Entered an ossuary
  7396 | Ossuary  | Reached XP level 9. HP: 50/50 MP: 2/21
  7677 | Ossuary  | Reached skill level 5 in Stealth
  8508 | D:4      | Killed Eustachio
  8627 | D:4      | Found a sparkling altar of Nemelex Xobeh.
  8676 | D:4      | Reached skill level 1 in Armour
  9063 | D:7      | Found a staircase to the Ecumenical Temple.
  9494 | D:7      | Learned a level 3 spell: Mephitic Cloud
 10642 | D:8      | Reached skill level 1 in Poison Magic
 10991 | D:8      | Found a staircase to the Lair.
 12117 | D:9      | Reached XP level 10. HP: 56/56 MP: 9/22
 12199 | D:9      | Found a transporter.
 12546 | D:9      | Reached skill level 5 in Dodging
 12943 | D:9      | Found a transporter.
 13245 | D:9      | Reached **** piety under Ashenzari
 13286 | D:10     | Entered Level 10 of the Dungeon
 13336 | D:10     | Learned a level 4 spell: Airstrike
 13336 | D:10     | Found a runed translucent gate.
 13340 | D:10     | Found a runed translucent gate.
 13340 | D:10     | Found a runed translucent gate.
 13343 | D:10     | Noticed pigah's ghost (journeyman OpAE)
 13387 | D:10     | Found Cenwiho's Book Boutique.
 13461 | D:10     | Reached skill level 5 in Air Magic
 13602 | D:10     | Reached skill level 1 in Earth Magic
 14078 | D:10     | Noticed a two-headed ogre
 14090 | D:10     | Killed a two-headed ogre
 14379 | Lair:1   | Entered Level 1 of the Lair of Beasts
 14393 | Lair:1   | Reached skill level 1 in Shields
 14791 | Lair:1   | Reached ***** piety under Ashenzari
 14960 | Lair:1   | Noticed a cane toad
 14964 | Lair:1   | Killed a cane toad
 14965 | Lair:1   | Reached XP level 11. HP: 64/64 MP: 18/27
 15545 | Lair:2   | Identified the +2 pair of gloves of Ukhuacla {Harm *Corrode
                  | rElec Dex+4}
 15643 | Lair:2   | Reached skill level 5 in Shields
 16204 | Lair:2   | Learned a level 5 spell: Freezing Cloud
 16998 | Lair:3   | Noticed Gastronok
 17008 | Lair:3   | Killed Gastronok
 17009 | Lair:3   | Reached skill level 10 in Conjurations
 17194 | Lair:3   | Found a hole to the Spider Nest.
 17211 | Lair:3   | Noticed a lindwurm
 17217 | Lair:3   | Killed a lindwurm
 17236 | Lair:3   | Noticed a boulder beetle
 17773 | Lair:3   | Reached XP level 12. HP: 62/66 MP: 18/26
 18307 | Lair:3   | Killed a boulder beetle
 18707 | D:10     | Bought a book of Iron for 468 gold pieces
 18715 | D:10     | Learned a level 6 spell: Iron Shot
 19030 | Lair:4   | Noticed Nessos
 19034 | Lair:4   | Killed Nessos
 19696 | Lair:4   | Reached skill level 5 in Earth Magic
 19840 | Lair:4   | Found a staircase to the Shoals.
 20134 | Lair:4   | Noticed a death yak
 20137 | Lair:4   | Noticed a death yak
 20138 | Lair:4   | Killed a death yak
 20152 | Lair:4   | Killed a death yak
 20170 | Lair:4   | Noticed a death yak
 20172 | Lair:4   | Noticed a death yak
 20206 | Lair:4   | Noticed a death yak
 20250 | Lair:4   | Killed a death yak
 20449 | Lair:4   | Noticed a death yak
 20452 | Lair:4   | Killed a death yak
 20714 | Lair:4   | Upgraded the game from 0.29-a0-322-g68df515428 to
                  | 0.29-a0-323-g050149af67
 21035 | Lair:5   | Found a staircase to the Slime Pits.
 21306 | Lair:5   | Reached skill level 5 in Fighting
 21470 | Lair:5   | Reached ****** piety under Ashenzari
 21483 | Lair:4   | Killed a death yak
 21484 | Lair:4   | Reached XP level 13. HP: 72/72 MP: 15/28
 22033 | Lair:6   | Entered Level 6 of the Lair of Beasts
 22850 | Lair:6   | Reached skill level 10 in Spellcasting
 24878 | Lair:6   | Reached XP level 14. HP: 80/80 MP: 9/30
 25960 | D:11     | Found a staircase to the Orcish Mines.
 26896 | Orc:1    | Entered Level 1 of the Orcish Mines
 27428 | Orc:1    | Reached skill level 10 in Stealth
 27682 | Orc:2    | Entered Level 2 of the Orcish Mines
 27788 | Orc:2    | Noticed an orc warlord
 28138 | Orc:2    | Killed an orc warlord
 28643 | Orc:2    | Found a staircase to the Elven Halls.
 28702 | Orc:2    | Reached skill level 10 in Earth Magic
 29790 | Orc:2    | Found Sehy's Armour Boutique.
 29790 | Orc:2    | Found Acememy's Armour Boutique.
 29791 | Orc:2    | Found Ryiclum's Distillery.
 29796 | Orc:2    | Found Ybufarch's Assorted Antiques.
 30010 | D:12     | Reached skill level 10 in Shields
 30458 | D:12     | Reached skill level 10 in Dodging
 31239 | D:13     | Reached XP level 15. HP: 91/91 MP: 5/35
 31915 | D:13     | Found a gate to the Vaults.
 32868 | D:14     | Identified the +8 flail of Understanding {pain, rF- rN+
                  | Int+2}
 33149 | D:14     | Reached skill level 5 in Evocations
 33840 | D:15     | Entered Level 15 of the Dungeon
 34318 | D:15     | Found a staircase to the Depths.
 35086 | D:15     | Found Neiwkezar's Armour Shoppe.
 35808 | Shoals:1 | Entered Level 1 of the Shoals
 36240 | D:4      | Bought Lee's Incunabulum of Stones for 728 gold pieces
 36249 | D:4      | Learned a level 8 spell: Lehudib's Crystal Spear
 36611 | Shoals:1 | Reached XP level 16. HP: 62/97 MP: 15/36
 37227 | Shoals:1 | Found Cosuox's Magic Scroll Boutique.
 37729 | Shoals:2 | Reached skill level 15 in Earth Magic
 39685 | Shoals:3 | Learned a level 2 spell: Blink
 40271 | Shoals:3 | Found a sacrificial altar of Ru.
 40386 | Shoals:3 | Reached skill level 15 in Conjurations
 41125 | Shoals:3 | Noticed a kraken
 41215 | Shoals:3 | Killed a kraken
 41497 | Shoals:4 | Entered Level 4 of the Shoals
 41698 | Shoals:4 | Noticed Donald
 41707 | Shoals:4 | Killed Donald
 42297 | Shoals:4 | Reached skill level 5 in Ice Magic
 42700 | Shoals:4 | Reached XP level 17. HP: 102/102 MP: 30/37
 43333 | Shoals:4 | Killed from afar by a water nymph

Illustrated notes

Levels and vault maps discovered:
D:1:      dpeg_arrival_windows_large_door, layout_rooms, basic_ecumenical_altar
D:2:      layout_loops_corners, serial_shops, nicolae_shop_statue_plus,
          grunt_decor_one_mirror, hangedman_decor_clover_reticule, uniq_natasha,
          uniq_sigmund
D:3:      layout_loops_ring, uniq_jessica
D:4:      old_forge, layout_cave_pools, nemelex_xobeh_ov_fountains_minmay,
          nicolae_elemental_shop, minmay_misc_feat_x, uniq_eustachio
D:5:      black_bear_nest_1, layout_basic, serial_shops, nicolae_shop_crystal
D:6:      nicolae_cairo_tiling, layout_basic, nicolae_ossuary_entry_ruins,
          st_stairs_3
D:7:      layout_loops_ring, minmay_temple_entry_tees
D:8:      layout_basic, lair_entry_dummy, sigmund_army
D:9:      gammafunk_beogh_shrine, layout_basic, serial_park_tiny_pond
D:10:     layout_roguey, gammafunk_ghost_nasty_kobolds, serial_shops,
          nicolae_shop_behind_doors
D:11:     layout_basic, erik_orc_3
D:12:     layout_long_grid
D:13:     layout_long_grid, david_vaults_5
D:14:     layout_loops_corners, nrook_campfire, grunt_ministairs_2
D:15:     gammafunk_depths_entry_grave, layout_basic, serial_shops, shop,
          hangedman_abyss_or_decor_stabs
Lair:1:   layout_cave_pods, st_stairs_13, lemuel_old_faithful
Lair:2:   layout_loops_ring, grunt_megastairs_4, serial_bayou_shore_a
Lair:3:   layout_regular_city, spider_nest_entry_a, uniq_gastronok
Lair:4:   layout_loops_ring, elwin_shoals_entry_rocks, uniq_nessos
Lair:5:   minmay_lair_oklob_chamber, layout_concentric_octagons, slime_dummy,
          infiniplex_staircase_pool
Lair:6:   evilmike_catoblepas_cave, layout_gridlike, minivault_24
Shoals:1: layout_shoals, serial_shops, nicolae_shop_advertising_works
          [nicolae_subvault_shop_adworks], nicolae_splish_splash
Shoals:2: layout_shoals
Shoals:3: layout_shoals, lemuel_altar_in_water
Shoals:4: shoals_end_simple, layout_shoals, uniq_donald
Orc:1:    nicolae_orc_accident_3, layout_caves
Orc:2:    st_orc_elflike, layout_caves, lemuel_statue_altar

Skill      XL: |  1  2  3  4  5  6  7  8  9 10 11 12 13 14 15 16 17 |
---------------+----------------------------------------------------+-----
Stealth        | 3 4 5 6 8 9 10 | 10.6
Dodging        | 3 4 5 6 7 8 10 | 10.6
Conjurations   | 5 6 7 9 11 12 16 | 16.0
Hexes          | 1 2 3 4 |  4.3
Fighting       | 1 2 3 4 5 6 7 |  7.6
Air Magic      | 2 3 4 5 |  5.7
Translocations | 1 3 4 |  4.3
Spellcasting   | 4 5 6 7 8 9 10 12 | 12.4
Evocations     | 1 2 3 5 |  5.7
Armour         | 3 4 |  4.0
Poison Magic   | 2 |  2.0
Earth Magic    | 2 3 6 8 10 14 16 | 16.2
Shields        | 3 6 7 8 10 | 10.0
Ice Magic      | 4 6 7 |  7.7

Action                   |  1- 3 |  4- 6 |  7- 9 | 10-12 | 13-15 | 16-18 || total
-------------------------+-------+-------+-------+-------+-------+-------++-------
Melee: Long sword        |       |       |    44 |    15 |    15 |       ||    74
       Staff             |       |       |       |       |     1 |     2 ||     3
Throw: Dart              |       |     1 |       |       |       |       ||     1
 Cast: Magic Dart        |    56 |    83 |   141 |     6 |       |       ||   286
       Searing Ray       |     1 |    19 |    32 |     5 |     1 |       ||    58
       Iskenderun's Myst |       |       |    30 |    27 |    43 |    10 ||   110
       Fulminant Prism   |       |       |    34 |   108 |   133 |    40 ||   315
       Mephitic Cloud    |       |       |     3 |     8 |     3 |     1 ||    15
       Dazzling Flash    |       |       |     1 |       |       |       ||     1
       Airstrike         |       |       |       |     1 |       |       ||     1
       Freezing Cloud    |       |       |       |    22 |    48 |    27 ||    97
       Swiftness         |       |       |       |     2 |     3 |     4 ||     9
       Iron Shot         |       |       |       |    23 |   174 |    93 ||   290
       Lehudib's Crystal |       |       |       |       |       |    19 ||    19
Invok: Curse Item        |     2 |     1 |     3 |     6 |     1 |       ||    13
       Shatter the Chain |       |       |     1 |     1 |     2 |       ||     4
Evoke: Tin of tremorston |       |       |       |     2 |     2 |       ||     4
       Wand              |       |       |       |       |       |     1 ||     1
  Use: Potion            |       |       |     1 |       |       |     1 ||     2
       Scroll            |       |       |       |     4 |     2 |     4 ||    10
 Stab: Invisible         |       |       |     1 |       |       |       ||     1
       Confused          |       |       |       |     1 |       |       ||     1
Armor: Robe              |     2 |     3 |     6 |       |       |       ||    11
       Leather armour    |       |       |     1 |       |       |       ||     1
       Steam dragon scal |       |       |       |    14 |    27 |     9 ||    50
Dodge: Dodged            |     8 |     9 |    37 |    20 |    63 |    48 ||   185
Block: Other             |       |       |    16 |     3 |       |       ||    19
       Reflection        |       |       |       |     1 |    35 |    27 ||    63
       Kite shield       |       |       |       |    37 |   125 |    64 ||   226

Table legend: (Time is in decaauts)
 A = Elapsed time spent in this place.
 B = Non-inter-level travel time spent in this place.
 C = Inter-level travel time spent in this place.
 D = Time resting spent in this place.
 E = Time spent auto-exploring this place.
 F = Levels seen in this place.
 G = Mean time per level.
                   A        B        C        D        E       F      G
               +--------+--------+--------+--------+--------+-----+--------+
         Total |  43745 |  39446 |   4299 |  10692 |  22883 |  28 | 1562.3 |
       Dungeon |  21139 |  18886 |   2253 |   3463 |  13005 |  15 | 1409.3 |
          Lair |  11500 |  10010 |   1490 |   3544 |   4908 |   6 | 1916.7 |
        Shoals |   7229 |   6937 |    292 |   2602 |   3178 |   4 | 1807.2 |
  Orcish Mines |   3028 |   2765 |    263 |    933 |   1417 |   2 | 1514.0 |
       Ossuary |    848 |    848 |      0 |    150 |    375 |   1 |  848.0 |
               +--------+--------+--------+--------+--------+-----+--------+

Top non-repeatable levels by time:
  Lair:5: 2914 daAuts
Shoals:3: 2466 daAuts
     D:8: 2199 daAuts
  Lair:4: 1963 daAuts
    D:14: 1929 daAuts
  Lair:1: 1904 daAuts
Shoals:1: 1858 daAuts
Shoals:2: 1838 daAuts
     D:3: 1810 daAuts
  Lair:6: 1732 daAuts
     D:2: 1715 daAuts
  Lair:3: 1669 daAuts
   Orc:2: 1539 daAuts
     D:4: 1526 daAuts
   Orc:1: 1488 daAuts
